 Dungeon Sprint DCSS version 0.30-a0-358-g0d69a1922f (webtiles) character file.

Game seed: 3909263041615935706

611 NinjaNoafa the Basher (level 7, -4/70 HPs)
             Began as an Armataur Fighter on Nov 10, 2022.
             Was a Priest of Cheibriados.
             Killed from afar by a deep elf knight (27 damage)
             ... with a shard of ice
             ... in the Dungeon (Sprint V: "Ziggurat Sprint").
             The game lasted 00:04:49 (278 turns).

NinjaNoafa the Basher (Armataur Fighter)             Turns: 278, Time: 00:04:50

Health: -4/70      AC: 18    Str: 45    XL:     7   Next: 20%
Magic:  5/12       EV:  5    Int: 12    God:    Cheibriados [***...]
Gold:   0          SH:  0    Dex: 23    Spells: 6/6 levels left

rFire   + + .      SeeInvis .    a - +4 flail (protect)
rCold   + + .      Faith    .    (no shield)
rNeg    . . .      Spirit   .    c - +5 gold dragon scales
rPois   +          Reflect  .    (no helmet)
rElec   +          Harm     .    (no cloak)
rCorr   +          Roll     +    (no gloves)
Will    .....      NoTele   +    (no barding)
Stlth   ..........               (no amulet)
HPRegen 0.31/turn                x - +6 ring of strength
MPRegen 0.13/turn                b - ring "Toekhec" {Str+9 Int-3 Dex+6}

@: mighty, resistant, very slow
A: large, rugged brown scales 3, deformed body, armoured tail, roll, long
tongue, awkward tongue
a: Renounce Religion, Bend Time, Temporal Distortion


You were in the Dungeon.
You worshipped Cheibriados.
Cheibriados was most pleased with you.
You visited 1 branch

Inventory:

Hand Weapons
 a - a +4 flail of protection (weapon)
Armour
 c - +5 gold dragon scales (worn)
Jewellery
 b - the ring "Toekhec" (right hand) {Str+9 Int-3 Dex+6}
   (You found it in the Dungeon)

   [ring of dexterity]

   Str:       It affects your strength (+9).
   Int:       It affects your intelligence (-3).
   Dex:       It affects your dexterity (+6).
 s - a ring of flight
 t - a +6 ring of dexterity
 u - a +6 ring of dexterity
 v - a +6 ring of intelligence
 w - a +6 ring of intelligence
 x - a +6 ring of strength (left hand)
 y - a +6 ring of strength
Wands
 z - a wand of mindburst (7)
 A - a wand of quicksilver (7)
Scrolls
 j - 4 scrolls of blinking
 o - 4 scrolls of amnesia
 p - 7 scrolls of butterflies
 q - 5 scrolls of identify
 r - 2 scrolls of fear
Potions
 d - 3 potions of might
 e - 10 potions of curing
 f - 8 potions of heal wounds
 g - 6 potions of haste
 h - 7 potions of magic
 i - 3 potions of berserk rage
 k - 2 potions of brilliance
 l - 2 potions of invisibility
 m - 3 potions of resistance
Miscellaneous
 B - a lightning rod (4/4)


   Skills:
 + Level 7.5 Fighting
 * Level 10.1 Maces & Flails
 + Level 7.5 Armour
 - Level 3.2 Shields
 * Level 7.6 Invocations


You had 6 spell levels left.
You didn't know any spells.
Your spell library was empty.

Dungeon Overview and Level Annotations

Branches:
Dungeon (1/1)

Altars:
Ashenzari
Cheibriados
Dithmenos
Elyvilon
Fedhas
Gozag
Hepliaklqana
Kikubaaqudgha
Makhleb
Nemelex Xobeh
Okawaru
Qazlal
Ru
Sif Muna
Trog
Uskayaw
Vehumet
Wu Jian
Xom
Yredelemnul
Zin
The Shining One
Jiyva
Lugonu

Annotations:
D 1 transporter


Innate Abilities, Weirdness & Mutations

You are completely covered in rugged brown scales. (AC +3, +7% HP)
Armour fits poorly on your strangely shaped body.
You have a long armoured tail.
You roll when moving toward enemies. (Rampage)
Your long tongue fully drains potion bottles. (2x potion effects)
Your tongue gives you trouble enunciating. (1.5x scroll delay)


Message History

The deep elf knight flickers and vanishes!
Deactivating autopickup; reactivate with Ctrl-A.
You slurp down every last drop of the 4 potions of resistance!
You feel protected.
The deep elf knight casts a spell at you.
The shard of ice hits you!! You partially resist.
The deep elf knight hits you with a +0 long sword!!
The deep elf knight casts a spell at you.
The shard of ice hits you! You partially resist.
* * * LOW HITPOINT WARNING * * *
You slurp down every last drop of the 4 potions of might!
You feel mightier all of a sudden.
The deep elf knight casts a spell at you.
The lance of force hits you.
* * * LOW HITPOINT WARNING * * *
You are knocked back by the lance of force.
You slam into the unnaturally hard rock wall!
* * * LOW HITPOINT WARNING * * *
The deep elf knight casts a spell.
The deep elf knight seems to speed up.
You slurp down every last drop of the 9 potions of heal wounds!
You feel much better.
The deep elf knight mumbles some strange words.
The deep elf knight flickers and vanishes!
Okay, then.
Okay, then.
Okay, then.
You warp the flow of time around you!
Something blocks your attack. Something hits you.
You hear some strange, mumbled words.
A shard of ice appears from out of thin air!
The shard of ice hits you! You partially resist.
The flow of time bends around you.
Cheibriados rebukes something.
Something resists with some effort.
Cheibriados lowers the support of your attributes as your movement quickens.
You hear some strange, mumbled words.
A shard of ice appears from out of thin air!
The shard of ice hits you!! You partially resist.
You die...

▓..©..▓..©..▓▓▓▓▓
▓▓▓▓▓▓▓▓▓▓▓▓▓▓
▓..8©8...▓
▓..)))...▓
▓...|....▓
▓........▓
▓........▓
▓{▓.e..▓.▓
▓@{e©....▓
▓▓▓▓▓▓▓▓▓▓


You could see a deep elf archer (repels missiles) and a deep elf knight (fast).

Vanquished Creatures
  2 tarantellas (D)
  2 scorpions (D)
  2 jellies (D)
  A white imp (D)
  2 ufetubi (D)
9 creatures vanquished.

Notes
Turn   | Place    | Note
-------+----------+-------------------------------------------
     0 | D        | NinjaNoafa the Armataur Fighter began the quest for the
                  | Orb.
     0 | D        | Reached XP level 1. HP: 19/19 MP: 1/1
     0 | D        | Found a shimmering blue altar of Sif Muna.
     0 | D        | Found a sacrificial altar of Ru.
     0 | D        | Found a bloodstained altar of Trog.
     0 | D        | Found a stormy altar of Qazlal.
     0 | D        | Found an iron altar of Okawaru.
     0 | D        | Found a sparkling altar of Nemelex Xobeh.
     0 | D        | Found a blossoming altar of Fedhas.
     0 | D        | Found the +6 Majin-Bo {vamp, MP+6 Int+6}
     0 | D        | Found the +9 heavy crossbow "Sniper" {vorpal, Acc+∞ SInv}
     0 | D        | Found the +10 dark maul {vorpal}
     0 | D        | Found the +15 Maxwell's patent armour {-Cast -Tele rElec
                  | Will+ rCorr}
     0 | D        | Found the +18 shield of the Gong {rElec rN+ Will+ EV-5}
     0 | D        | Found the +14 obsidian axe {vorpal, Mesm Drain Fly SInv}
     0 | D        | Found the +7 great mace "Firestarter" {inner flame, rF++}
     0 | D        | Found the +6 shillelagh "Devastator" {shatter}
     0 | D        | Found the +11 plutonium sword {Contam Stlth-}
     0 | D        | Found the +8 lance "Wyrmbane" {slay drac, rPois rF+ rC+
                  | AC+3}
     0 | D        | Found the +9 sword of Zonguldrok {reap}
     0 | D        | Found the +13 scythe of Curses {drain, Drain}
     0 | D        | Found the +5 sword of Power {vorpal}
     0 | D        | Found the +7 mace of Variability {chain chaos}
     0 | D        | Found the +7 Singing Sword {vorpal, sonic wave}
     0 | D        | Found the +8 storm bow {elec, penet}
     2 | D        | Found a transporter.
     2 | D        | Found an ancient bone altar of Kikubaaqudgha.
     2 | D        | Found a viscous altar of Jiyva.
     2 | D        | Found a corrupted altar of Lugonu.
     2 | D        | Found a hazy altar of Hepliaklqana.
     2 | D        | Found a burning altar of Makhleb.
     2 | D        | Found an opulent altar of Gozag.
    53 | D        | Reached skill level 5 in Fighting
    53 | D        | Reached skill level 7 in Maces & Flails
    53 | D        | Reached XP level 2. HP: 31/31 MP: 2/2
    53 | D        | Reached XP level 3. HP: 38/38 MP: 3/3
    89 | D        | Became a worshipper of Cheibriados the Contemplative
    97 | D        | Entered arena 2.
    97 | D        | Found a transporter.
   107 | D        | Reached skill level 1 in Invocations
   110 | D        | Reached XP level 4. HP: 29/47 MP: 3/6
   178 | D        | Got the ring "Toekhec" {Str+9 Int-3 Dex+6}
   186 | D        | Entered arena 3.
   186 | D        | Found a transporter.
   188 | D        | Reached * piety under Cheibriados
   190 | D        | Reached ** piety under Cheibriados
   193 | D        | Reached skill level 8 in Maces & Flails
   199 | D        | Entered arena 4.
   199 | D        | Found the +4 moon troll leather armour {Spirit, Regen++
                  | MP+5}
   199 | D        | Noticed a tarantella
   199 | D        | Noticed a scorpion
   199 | D        | Noticed a tarantella
   199 | D        | Noticed a scorpion
   199 | D        | Found a transporter.
   201 | D        | Killed a scorpion
   202 | D        | Reached skill level 5 in Armour
   202 | D        | Reached XP level 5. HP: 44/54 MP: 6/8
   205 | D        | Killed a tarantella
   205 | D        | Reached *** piety under Cheibriados
   206 | D        | Reached skill level 9 in Maces & Flails
   206 | D        | Reached XP level 6. HP: 51/64 MP: 3/10
   207 | D        | Killed a tarantella
   208 | D        | Reached skill level 10 in Maces & Flails
   208 | D        | Reached XP level 7. HP: 56/70 MP: 3/12
   269 | D        | Entered arena 5.
   269 | D        | Noticed a deep elf knight
   269 | D        | Noticed a deep elf archer
   269 | D        | Noticed a deep elf knight
   269 | D        | Noticed a deep elf knight
   269 | D        | Found a transporter.
   278 | D        | Killed from afar by a deep elf knight

Illustrated notes

Levels and vault maps discovered:
D:        sprint_v [room_start, room_1, room_2, room_3, room_4, room_5, room_6,
          room_7, room_8, room_9, room_10, room_11, room_12, room_13, room_14,
          room_15, room_16, room_17, room_18, room_19, room_20, room_21,
          room_22, room_23, room_24, room_25, room_26, room_27]

Skill      XL: |  1  2  3  4  5  6 |
---------------+-------------------+-----
Fighting       | 5 6 7 |  7.5
Maces & Flails | 7 8 9 10 | 10.1
Armour         | 4 5 6 7 |  7.5
Invocations    | 2 4 6 7 |  7.6
Shields        | |  3.2

Action                   |  1- 3 |  4- 6 |  7- 9 || total
-------------------------+-------+-------+-------++-------
Melee: Flail             |     5 |    10 |     1 ||    16
       Tailslap          |       |     1 |       ||     1
Invok: Bend Time         |       |     1 |     1 ||     2
       Temporal Distorti |       |       |     1 ||     1
Evoke: Lightning rod     |       |     2 |       ||     2
  Use: Potion            |     1 |     1 |     5 ||     7
Armor: Gold dragon scale |    14 |    14 |     3 ||    31
Dodge: Dodged            |     5 |     5 |     1 ||    11

Table legend: (Time is in decaauts)
 A = Elapsed time spent in this place.
 B = Non-inter-level travel time spent in this place.
 C = Inter-level travel time spent in this place.
 D = Time resting spent in this place.
 E = Time spent auto-exploring this place.
 F = Levels seen in this place.
 G = Mean time per level.
                   A        B        C        D        E       F      G
               +--------+--------+--------+--------+--------+-----+--------+
         Total |    291 |    276 |     15 |      0 |    139 |   1 |  291.0 |
       Dungeon |    291 |    276 |     15 |      0 |    139 |   1 |  291.0 |
               +--------+--------+--------+--------+--------+-----+--------+

Top non-repeatable levels by time:
       D: 291 daAuts
